Map: Pillars of Gold LE

Players

HeroMarine - Winner!

  • Race: Terran Terran
  • League: Master
  • Spawn Location: 7:00

MarineLorD

  • Race: Terran Terran
  • Spawn Location: 1:00

Event: DreamHack SC2 Masters 2020 Summer Europe

VOD

Have the link to the VOD?

Description

Time

  • Played on: July 9, 2020, 1:33 p.m.
  • Length: 5:27

All games in this series

Show
View Real Time Build Order
Export as new Build Order

HeroMarine Terran - Winner!

Build Orders:  

Get SALT Encoding   

  12  0:00  SCV  
  13  0:13  SCV  
  14  0:18  Supply Depot  
  14  0:25  SCV  
  15  0:29  Refinery  
  15  0:39  SCV  
  16  0:45  Barracks  
  16  0:51  SCV  
  17  0:58  Refinery  
  17  1:03  SCV  
  18  1:16  SCV  
  19  1:32  Orbital Command, Reaper  
  20  1:38  Factory  
  20  1:46  Supply Depot  
  20  1:58  SCV  
  21  2:04  Reaper  
  22  2:10  SCV  
  23  2:22  SCV  
  24  2:24  Widow Mine, Bunker  
  24  2:25  Bunker  
  26  2:34  Supply Depot, SCV  
  26  2:36  Marine  
  28  2:45  Widow Mine  
  28  2:46  SCV  
  27  2:55  Marine  
  28  2:58  SCV  
  28  3:02  Starport  
  29  3:10  SCV  
  27  3:22  SCV  
  27  3:23  Marine  
  29  3:28  Factory Tech Lab  
  28  3:34  SCV  
  29  3:47  Marine  
  31  3:50  Banshee  
  31  3:54  Supply Depot  
  33  3:56  Factory Tech Lab  
  33  4:01  Supply Depot  
  33  4:03  SCV  
  35  4:15  SCV  
  35  4:17  Siege Tank  
  35  4:20  Barracks Reactor  
  38  4:27  SCV  
  38  4:33  Banshee  
  41  4:39  SCV  
  42  4:55  Siege Tank  
  42  4:57  Marine  
  42  4:58  Marine  
  46  5:18  Command Center  
Show
View Real Time Build Order
Export as new Build Order

MarineLorD Terran 

Build Orders:  

Get SALT Encoding   

  12  0:00  SCV  
  13  0:12  SCV  
  14  0:18  Supply Depot  
  14  0:24  SCV  
  15  0:39  SCV  
  15  0:42  Barracks  
  16  0:49  Refinery  
  16  0:52  SCV  
  17  1:06  Barracks  
  17  1:09  SCV  
  18  1:22  SCV  
  19  1:28  Barracks Tech Lab  
  19  1:34  Orbital Command  
  19  1:42  Supply Depot  
  21  1:47  Marauder  
  21  1:50  Concussive Shells  
  21  1:59  Barracks Tech Lab  
  21  2:00  SCV  
  22  2:09  Marauder  
  22  2:12  SCV  
  25  2:18  Marauder  
  27  2:23  Supply Depot  
  27  2:25  SCV  
  28  2:31  Marauder  
  30  2:37  SCV  
  31  2:45  Marauder  
  31  2:49  SCV  
  33  2:53  Marauder  
  34  3:01  SCV  
  35  3:06  Marauder  
  37  3:14  Marauder  
  37  3:19  SCV  
  35  3:27  Marauder  
  35  3:31  SCV  
  35  3:39  Marauder  
  37  3:43  SCV  
  37  3:47  Supply Depot  
  37  4:00  Marauder  
  39  4:09  Marauder  
  41  4:17  Supply Depot  
  41  4:21  SCV  
  41  4:22  Marauder  
  44  4:31  Marauder  
  45  4:33  SCV  
  46  4:45  SCV  
  49  4:52  Marauder  
  49  4:53  Factory  
  49  4:57  SCV  
  50  5:09  SCV  
Tags
 
Add a new tag
Caveats
  • Supply blocks, unpowered buildings, or Contaminate may cause inaccurate times.
  • Supply counts are checked every 10 seconds.